 Dungeon Crawl Stone Soup version 0.30-a0-1116-gebefce21f7 (webtiles) character file.

Game seed: 7566698724715861405

156 retardedninja the Firebug (level 5, -6/37 HPs)
             Began as a Gnoll Fire Elementalist on Apr 21, 2023.
             Was an Initiate of Cheibriados.
             Mangled by an ogre
             ... wielding a +0 giant club
              (23 damage)
             ... on level 4 of the Dungeon.
             The game lasted 00:05:51 (5310 turns).

retardedninja the Firebug (Gnoll Fire Elementalist) Turns: 5310, Time: 00:05:52

Health: -6/37      AC:  2    Str:  8    XL:     5   Next: 38%
Magic:  5/12       EV: 13    Int: 18    God:    Cheibriados [......]
Gold:   194        SH:  0    Dex: 13    Spells: 11/14 levels left

rFire   . . .      SeeInvis .    h - +0 mace
rCold   . . .      Faith    .    (no shield)
rNeg    . . .      Spirit   .    a - +0 robe
rPois   .          Reflect  .    (no helmet)
rElec   .          Rampage  .    (no cloak)
rCorr   .                        (no gloves)
Will    .....                    (no boots)
Stlth   +++                      (no amulet)
HPRegen 0.26/turn                (no ring)
MPRegen 0.13/turn                (no ring)

@: about to teleport, very slow
A: fangs 1, strong nose, distributed training
a: Renounce Religion


You were on level 4 of the Dungeon.
You worshipped Cheibriados.
Cheibriados was noncommittal.
You visited 2 branches of the dungeon, and saw 5 of its levels.

You collected 194 gold pieces.

Inventory:

Hand Weapons
 h - a +0 mace (weapon)
Armour
 a - a +0 robe (worn)
 l - a +0 pair of gloves
 w - a +1 pair of boots
Jewellery
 j - a +6 ring of intelligence
Wands
 r - a wand of mindburst (7)
 t - a wand of charming (10)
Scrolls
 d - a scroll of torment {unknown}
 g - a scroll of teleportation
 i - 2 scrolls of magic mapping {unknown}
 p - a scroll of enchant armour {unknown}
 s - a scroll of silence {unknown}
 u - 2 scrolls of identify
 v - a scroll of noise {unknown}
 x - a scroll of vulnerability {unknown}
Potions
 b - 2 potions of magic
 c - a potion of curing {unknown}
 e - 2 potions of resistance
 f - 2 potions of mutation
 k - a potion of degeneration {unknown}
 m - 3 potions of might
 o - a potion of haste {unknown}
 q - a potion of cancellation {unknown}


   Skills:
 + Level 1.5 Fighting
 + Level 1.5 Short Blades
 + Level 1.5 Long Blades
 + Level 1.5 Axes
 + Level 1.5 Maces & Flails
 + Level 1.5 Polearms
 + Level 1.5 Staves
 + Level 1.5 Ranged Weapons
 + Level 1.5 Throwing
 + Level 1.5 Armour
 + Level 4.8 Dodging
 + Level 4.4 Stealth
 + Level 1.5 Shields
 + Level 1.5 Unarmed Combat
 + Level 5.2 Spellcasting
 + Level 2.4 Conjurations
 + Level 1.2 Hexes
 + Level 1.2 Summonings
 + Level 1.2 Necromancy
 + Level 1.2 Translocations
 + Level 1.2 Transmutations
 + Level 5.5 Fire Magic
 + Level 1.2 Ice Magic
 + Level 1.2 Air Magic
 + Level 1.2 Earth Magic
 + Level 1.2 Poison Magic
 + Level 1.7 Invocations
 + Level 1.5 Evocations


You had 11 spell levels left.
You knew the following spells:

 Your Spells              Type           Power      Damage    Failure   Level
a - Foxfire               Conj/Fire      76%        2x1d7     2%          1
b - Scorch                Fire           48%        2d7       1%          2

Your spell library contained the following spells:

 Spells                   Type           Power      Damage    Failure   Level
 Inner Flame              Hex/Fire       17%        N/A       10%         3
 Volatile Blastmotes      Fire/Tloc      34%        2d12      10%         3
 Poisonous Vapours        Pois/Air       18%        N/A       12%         2
 Mephitic Cloud           Conj/Pois/Air  10%        N/A       21%         3
 Flame Wave               Conj/Fire      19%        2d7       26%         4
 Freezing Cloud           Conj/Ice/Air   5%         6-21      88%         5


Dungeon Overview and Level Annotations

Branches:
Dungeon (4/15)             Temple (1/1) D:4

Altars:
Ashenzari
Cheibriados
Fedhas
Hepliaklqana
Kikubaaqudgha
Makhleb
Nemelex Xobeh
Okawaru
Sif Muna
Vehumet
Wu Jian
Xom
Zin

Shops:
D:2 ?


Innate Abilities, Weirdness & Mutations

You have very sharp teeth.
Your uncanny sense of smell can sniff out nearby items.
Your experience applies equally to all skills.


Message History

The foxfire hits the ogre.
The ogre is lightly wounded.
You conjure some foxfire!
The foxfire hits the ogre.
The ogre is moderately wounded.
A ball python comes into view.
A scorpion comes into view.
You conjure some foxfire!
The foxfire hits the ogre.
The ogre is moderately wounded.
The foxfire hits the scorpion.
The scorpion is moderately wounded.
The foxfire hits the ogre.
The ogre is heavily wounded.
The foxfire hits the ogre.
The ogre is heavily wounded.
You conjure some foxfire!
The foxfire hits the ogre.
The ogre is heavily wounded.
The foxfire hits the ogre.
The ogre is severely wounded.
Unknown command.
Casting: Foxfire (safe; 2% risk of failure)
Confirm with . or Enter, or press ? or * to list all spells.
Flames lash the scorpion.
The scorpion is heavily wounded.
The scorpion's fire resistance burns away.
The ogre hits you with a +0 giant club!!
Ouch! That really hurt!
* * * LOW HITPOINT WARNING * * *
You feel much better.
A goblin comes into view. It is wielding a +0 dagger.
The scorpion barely misses you.
Casting: Scorch (safe; 1% risk of failure)
Confirm with . or Enter, or press ? or * to list all spells.
Flames lash the scorpion.
The scorpion is burned terribly!
The scorpion is almost dead.
The ogre barely misses you. The scorpion stings you!
As you read the scroll of teleportation, it crumbles to dust.
You feel strangely unstable. The scorpion closely misses you.
The ogre hits you with a +0 giant club!!
Ouch! That really hurt!
You die...

.# ... .# ).# ..## ∆
...## #..# ....
###..##### ### ###
...###........###..#...#
..............#.#S...$..
.#.###..........@s......
....#............O......
..###..#....>...##......
.###..##...##...# ....g.
.......#..####..# .....
...........##.>.........
#.........###.......(...
###........#....##......
#............## .#..


You could see an ogre, a scorpion (combustible), a goblin and a ball python.

Vanquished Creatures
  An orc wizard (D:3)
  2 adders (D:2)
  2 worms
  4 dart slugs
  2 orcs (D:3)
  6 endoplasms
  9 giant cockroaches
  8 hobgoblins
  3 jackals (D:1)
  3 quokkas
  7 ball pythons
  12 bats
  3 frilled lizards
  13 goblins
  8 kobolds
  9 rats
92 creatures vanquished.

Vanquished Creatures (collateral kills)
  7 foxfires (D:1)
7 creatures vanquished.

Vanquished Creatures (others)
  437 foxfires
437 creatures vanquished.

Grand Total: 536 creatures vanquished

Notes
Turn   | Place    | Note
-------+----------+-------------------------------------------
     0 | D:1      | retardedninja the Gnoll Fire Elementalist began the quest
                  | for the Orb.
     0 | D:1      | Reached XP level 1. HP: 13/13 MP: 6/6
   239 | D:1      | Reached XP level 2. HP: 16/19 MP: 4/7
   696 | D:1      | Reached skill level 5 in Spellcasting
   696 | D:1      | Reached XP level 3. HP: 24/25 MP: 3/9
  1214 | D:1      | Reached skill level 1 in Invocations
  1830 | D:2      | Reached skill level 1 in Fighting
  1830 | D:2      | Reached skill level 1 in Short Blades
  1830 | D:2      | Reached skill level 1 in Long Blades
  1830 | D:2      | Reached skill level 1 in Axes
  1830 | D:2      | Reached skill level 1 in Maces & Flails
  1830 | D:2      | Reached skill level 1 in Polearms
  1830 | D:2      | Reached skill level 1 in Staves
  1830 | D:2      | Reached skill level 1 in Ranged Weapons
  1830 | D:2      | Reached skill level 1 in Throwing
  1830 | D:2      | Reached skill level 1 in Armour
  1830 | D:2      | Reached skill level 1 in Shields
  1830 | D:2      | Reached skill level 1 in Unarmed Combat
  1830 | D:2      | Reached skill level 1 in Evocations
  1914 | D:2      | Learned a level 2 spell: Scorch
  2061 | D:2      | Reached XP level 4. HP: 32/32 MP: 9/11
  2217 | D:2      | You fall into a shaft and drop 1 floor!
  2227 | D:3      | Reached skill level 1 in Hexes
  2227 | D:3      | Reached skill level 1 in Summonings
  2227 | D:3      | Reached skill level 1 in Necromancy
  2227 | D:3      | Reached skill level 1 in Translocations
  2227 | D:3      | Reached skill level 1 in Transmutations
  2227 | D:3      | Reached skill level 1 in Ice Magic
  2227 | D:3      | Reached skill level 1 in Air Magic
  2227 | D:3      | Reached skill level 1 in Earth Magic
  2227 | D:3      | Reached skill level 1 in Poison Magic
  2370 | D:2      | Found Tasicue's Magic Scroll Boutique.
  3022 | D:2      | Reached XP level 5. HP: 24/37 MP: 7/12
  3358 | D:2      | Found a faded altar of an unknown god.
  3931 | D:3      | Found a glowing silver altar of Zin.
  4934 | D:4      | Found a staircase to the Ecumenical Temple.
  4999 | Temple   | Entered the Ecumenical Temple
  5009 | Temple   | Became a worshipper of Cheibriados the Contemplative
  5299 | D:4      | Noticed an ogre
  5310 | D:4      | Mangled by an ogre

Illustrated notes

Levels and vault maps discovered:
D:1:      dpeg_arrival_prison, layout_basic, minmay_misc_feat_cross,
          minmay_misc_feat_enclosed, minmay_crystal_room, roderic_lattice_a
D:2:      minmay_razor_zed, layout_basic, hellmonk_ecumenical_altar_zigzags,
          serial_shops, nicolae_shop_tiny_real_fake_doors, st_stairs_4
D:3:      layout_basic, zin_statuary, bh_walls_and_bars
D:4:      minmay_chambers_of_threes, layout_cave_pools, lemuel_temple_firewalk_a
Temple:   nicolae_temple_no_exploring_needed

Skill      XL: |  1  2  3  4 |
---------------+-------------+-----
Conjurations   | 2 |  2.4
Spellcasting   | 5 |  5.2
Invocations    | 1 |  1.7
Fighting       | 1 |  1.5
Short Blades   | 1 |  1.5
Long Blades    | 1 |  1.5
Axes           | 1 |  1.5
Maces & Flails | 1 |  1.5
Polearms       | 1 |  1.5
Staves         | 1 |  1.5
Ranged Weapons | 1 |  1.5
Throwing       | 1 |  1.5
Armour         | 1 |  1.5
Shields        | 1 |  1.5
Unarmed Combat | 1 |  1.5
Evocations     | 1 |  1.5
Hexes          | 1 |  1.2
Summonings     | 1 |  1.2
Necromancy     | 1 |  1.2
Translocations | 1 |  1.2
Transmutations | 1 |  1.2
Ice Magic      | 1 |  1.2
Air Magic      | 1 |  1.2
Earth Magic    | 1 |  1.2
Poison Magic   | 1 |  1.2
Dodging        | |  4.8
Stealth        | |  4.4
Fire Magic     | |  5.5

Action                     |  1- 3 |  4- 6 || total
---------------------------+-------+-------++-------
  Melee: Mace              |       |     4 ||     4
         Bite              |       |     1 ||     1
   Cast: Foxfire           |   116 |   161 ||   277
         Scorch            |       |     2 ||     2
    Use: Scroll            |     1 |     5 ||     6
         Potion            |       |     1 ||     1
 Armour: Robe              |     7 |     2 ||     9
  Dodge: Dodged            |    27 |    36 ||    63

Table legend: (Time is in decaauts)
 A = Elapsed time spent in this place.
 B = Non-inter-level travel time spent in this place.
 C = Inter-level travel time spent in this place.
 D = Time resting spent in this place.
 E = Time spent auto-exploring this place.
 F = Levels seen in this place.
 G = Mean time per level.
                   A        B        C        D        E       F      G
               +--------+--------+--------+--------+--------+-----+--------+
         Total |   5350 |   5149 |    201 |      0 |   4311 |   5 | 1070.0 |
       Dungeon |   5329 |   5131 |    198 |      0 |   4311 |   4 | 1332.2 |
        Temple |     20 |     17 |      3 |      0 |      0 |   1 |   20.0 |
               +--------+--------+--------+--------+--------+-----+--------+

Top non-repeatable levels by time:
     D:1: 1826 daAuts
     D:2: 1670 daAuts
     D:3: 1268 daAuts
     D:4: 564 daAuts
  Temple: 20 daAuts
